[Event "Late-Titled-Tuesday-Blitz-February-13-2024"]
[Site "Chess.com"]
[Date "2024.02.13"]
[Round "2"]
[White "Conejoviejo67"]
[Black "JiiHart"]
[Result "0-1"]
[WhiteElo "2432"]
[BlackElo "2157"]
[TimeControl "180+1"]
[EndTime "14:15:22 PST"]
[Termination "JiiHart won by resignation"]

1. e4 c5 2. Nc3 e6 3. g3 d5 4. Bg2 Nf6 5. d3 dxe4 6. Nxe4 Nxe4 7. Bxe4 Nd7 8. f4 Nf6 9. Bg2 Qc7 10. Nf3 Bd6 11.
O-O Bd7 12. b3 Bc6 13. Bb2 O-O 14.
Qe2 Bxf3 15. Qxf3 Rab8 16. Bxf6 gxf6 17. f5 Be5 18. Rae1 Kh8 19. Re4 Rg8 20. Rh4 Rg7 21.
Qh5 Bxg3 22. hxg3 Qxg3 23. Rf2 Rbg8 24. Rh3 Qe5 25. Qe2 Rxg2+ 26. Rxg2 Qxe2 27. Rxg8+ Kxg8 28. fxe6 fxe6 29. Rh2 Qd1+ 30. Kg2 Qxc2+ 0-1

[Event "Late-Titled-Tuesday-Blitz-February-13-2024"]
[Site "Chess.com"]
[Date "2024.02.13"]
[Round "2"]
[White "MessiKingdom"]
[Black "KuzubovYuriy"]
[Result "0-1"]
[WhiteElo "2630"]
[BlackElo "2978"]
[TimeControl "180+1"]
[EndTime "14:15:25 PST"]
[Termination "KuzubovYuriy won by resignation"]

1. d4 g6 2. Nc3 Bg7 3. Bf4 d6 4. e4 Nc6 5. Nf3 Bg4 6. Bb5 Bxf3 7. Qxf3 Bxd4 8. O-O-O e5 9. Ne2 Bxb2+ 10. Kxb2 exf4 11.
e5 Ne7 12. h4 O-O 13. h5 Nxe5 14. Qxf4 c6 15. Bd3 Nd5 16. Qh6 Qf6 17. Kb1 Ng4 18.
Qc1 Rae8 19. hxg6 fxg6 20. Bc4 Rxe2 21. Rxd5 cxd5 22. Bxe2 Nxf2 23. Rf1 Qd4 24. Qg5 Qe5 25. Qh6 0-1

[Event "Late-Titled-Tuesday-Blitz-February-13-2024"]
[Site "Chess.com"]
[Date "2024.02.13"]
[Round "2"]
[White "deribas12345"]
[Black "Msb2"]
[Result "0-1"]
[WhiteElo "2647"]
[BlackElo "3012"]
[TimeControl "180+1"]
[EndTime "14:15:26 PST"]
[Termination "Msb2 won by resignation"]

1. d4 d5 2. c4 e6 3. Nc3 Bb4 4. Nf3 Nf6 5. e3 O-O 6. Be2 dxc4 7. Bxc4 c5 8. a3 Bxc3+ 9. bxc3 Qc7 10. Bb3 b6 11. O-O Bb7 12. Ne5 Nbd7 13. Nxd7 Nxd7 14. Bd2 Nf6 15. f3 Rfd8 16. Qe2 Rac8 17. Rad1 cxd4 18.
cxd4 Bd5 19. Bxd5 Nxd5 20. Rc1 Qd7 21. Qa6 h6 22. e4 Ne7 23. Be3 Rxc1 24. Rxc1 Nc6 25.
Rd1 Na5 26. d5 Qa4 27. Qd3 Nc4 28. Bd4 exd5 29. Ba1 Qxa3 30. Qxa3 Nxa3 31. exd5 Nc2 32. Bc3 Ne3 33. Ra1 Nxd5 34. Rd1 Rd7 35. Bb2 a5 36.
Kf2 Nf6 37. Rc1 Rd2+ 38. Kg3 Rxb2 39. Rc8+ Kh7 40. Rc7 Nh5+ 0-1

[Event "Late-Titled-Tuesday-Blitz-February-13-2024"]
[Site "Chess.com"]
[Date "2024.02.13"]
[Round "2"]
[White "cukricek"]
[Black "martinmena"]
[Result "1-0"]
[WhiteElo "2453"]
[BlackElo "2138"]
[TimeControl "180+1"]
[EndTime "14:15:28 PST"]
[Termination "cukricek won on time"]

1. g3 d5 2. Nf3 Nf6 3. Bg2 Bg4 4. Ne5 Bf5 5. O-O Nbd7 6. d4 e6 7. b3 c5 8. e3 Bd6 9. Bb2 Bxe5 10. dxe5 Ng4 11.
c4 dxc4 12. bxc4 Qc7 13. e4 O-O-O 14. exf5 Ndxe5 15. Qa4 Qb6 16. Bxe5 Nxe5 17. fxe6 Qb2 18. Qxa7 Nc6 19. Bxc6 bxc6 20. Na3 Qb7 21. Qa5 fxe6 22. Rab1 Qc7 23. Qxc5 Rd3 24. Rb6 1-0

[Event "Late-Titled-Tuesday-Blitz-February-13-2024"]
[Site "Chess.com"]
[Date "2024.02.13"]
[Round "2"]
[White "Tolya2"]
[Black "GoValya"]
[Result "1-0"]
[WhiteElo "2506"]
[BlackElo "2252"]
[TimeControl "180+1"]
[EndTime "14:15:30 PST"]
[Termination "Tolya2 won by resignation"]

1. Nf3 Nf6 2. c4 d5 3. cxd5 Nxd5 4. d4 g6 5. e4 Nb6 6. Nc3 Bg7 7. h3 Nc6 8. Be3 O-O 9. Be2 e5 10. d5 Ne7 11. O-O h6 12. Rc1 a6 13. Na4 Nxa4 14.
Qxa4 f5 15. Rfd1 fxe4 16. Qxe4 Bf5 17. Qc4 Kh8 18. Qxc7 Nxd5 19. Qxb7 Be4 20. Bc4 Nxe3 21. Qxe4 Nxd1 22. Nh4 Rf6 23. Bd5 Rb8 24. Rxd1 Qf8 25.
Nxg6+ Rxg6 26. Qxg6 Rxb2 27. Be4 Qxf2+ 28. Kh1 Kg8 29.
Rd8+ 1-0

[Event "Late-Titled-Tuesday-Blitz-February-13-2024"]
[Site "Chess.com"]
[Date "2024.02.13"]
[Round "2"]
[White "Cristi_Coca"]
[Black "DeGrootteZ"]
[Result "0-1"]
[WhiteElo "2389"]
[BlackElo "2822"]
[TimeControl "180+1"]
[EndTime "14:15:31 PST"]
[Termination "DeGrootteZ won by resignation"]

1. e4 c5 2. c3 d5 3. exd5 Qxd5 4. Nf3 g6 5. d4 Bg7 6. Nbd2 cxd4 7. Bc4 Qd8 8. Qb3 Nh6 9. Ne4 O-O 10. Bxh6 Bxh6 11. Rd1 Nc6 12. Nxd4 Nxd4 13. Rxd4 Qc7 14. O-O Bf5 15. Ng3 Bd7 16. Rfd1 Bc6 17. h4 Bg7 18. R4d3 e6 19. h5 a6 20. hxg6 hxg6 21. R3d2 Rac8 22. Bf1 Be5 23. Rd3 Kg7 24. Qc4 Rh8 25. Qg4 Qe7 26.
Re3 Rh4 27. Qe2 Bf4 28. Red3 Rch8 29. f3 0-1

[Event "Late-Titled-Tuesday-Blitz-February-13-2024"]
[Site "Chess.com"]
[Date "2024.02.13"]
[Round "2"]
[White "Semetey"]
[Black "czasnaszachy"]
[Result "1-0"]
[WhiteElo "2614"]
[BlackElo "2345"]
[TimeControl "180+1"]
[EndTime "14:15:36 PST"]
[Termination "Semetey won by resignation"]

1. e4 e5 2. Nf3 Nc6 3. Bc4 Bc5 4. O-O Nf6 5. d3 d6 6. c3 h6 7. a4 a6 8. b4 Ba7 9. Nbd2 O-O 10. Re1 Ng4 11. Re2 Kh8 12. h3 f5 13. hxg4 fxg4 14.
Ne1 g3 15. Nef3 Bxf2+ 16. Rxf2 gxf2+ 17. Kxf2 Bg4 18. Qh1 Qf6 19. Nf1 Qg6 20. Be3 Ne7 21. Nd2 c6 22. Bb3 d5 23. Bc5 Rae8 24. Qh4 Rf4 25.
Qg3 dxe4 26. dxe4 Rd8 27. Kg1 Ng8 28. Nxe5 1-0

[Event "Late-Titled-Tuesday-Blitz-February-13-2024"]
[Site "Chess.com"]
[Date "2024.02.13"]
[Round "2"]
[White "Sacbutt"]
[Black "Championnn-9"]
[Result "0-1"]
[WhiteElo "2335"]
[BlackElo "2549"]
[TimeControl "180+1"]
[EndTime "14:15:43 PST"]
[Termination "Championnn-9 won by resignation"]

1. e4 c5 2. Nf3 d6 3. d4 cxd4 4. Qxd4 Nf6 5. Bb5+ Nc6 6. Bxc6+ bxc6 7. c4 e5 8. Qd3 Be7 9. O-O O-O 10. Nc3 Be6 11. b3 h6 12. h3 Qc7 13. Be3 Nh5 14. Rac1 f5 15. exf5 Bxf5 16. Qe2 Nf6 17. c5 d5 18. Na4 Rae8 19. Bd2 Bd8 20. b4 Qb8 21. a3 Bg6 22.
Qa6 Re6 23. Rfe1 Ne4 24. Nc3 Rxf3 25. Nxe4 Bxe4 26. gxf3 Bxf3 27. Bf4 Rg6+ 28. Bg3 Bh4 29. Kh2 Bxg3+ 30. fxg3 e4 31. Rg1 Qe5 32. b5 Qb2+ 0-1

[Event "Late-Titled-Tuesday-Blitz-February-13-2024"]
[Site "Chess.com"]
[Date "2024.02.13"]
[Round "2"]
[White "vladoboch"]
[Black "aqibjbutt"]
[Result "1-0"]
[WhiteElo "2423"]
[BlackElo "2055"]
[TimeControl "180+1"]
[EndTime "14:15:45 PST"]
[Termination "vladoboch won by resignation"]

1. e4 c6 2. d4 d5 3. e5 Bf5 4. h4 h5 5. c4 e6 6. Nc3 Nd7 7. cxd5 cxd5 8. Bd3 Ne7 9. Bg5 Bxd3 10. Qxd3 a6 11.
Nf3 Qb6 12. Bxe7 Bxe7 13. O-O Rc8 14. a3 O-O 15. b4 Qc7 16. Rac1 Qc4 17. Qe3 Qb3 18.
Ne2 Qxe3 19. fxe3 Nb6 20. Nd2 Bxh4 21. Nf4 Bg5 22. Kf2 g6 23. Nd3 Na4 24. Nc5 Nxc5 25. bxc5 Rb8 26. Rb1 Bd8 27. Rfc1 b6 28. c6 Bc7 29.
Nf3 b5 30. Nd2 a5 31. Nb3 b4 32. a4 f6 33. Nc5 fxe5+ 34. Ke2 Rfe8 35. Nd7 exd4 36. exd4 Rbd8 37. Nf6+ Kg7 38. Nxe8+ Rxe8 39. Rc5 Rf8 40. Rb5 Rf7 41. Rf1 Re7 42. Rb7 Bd6 43.
Rxe7+ 1-0

[Event "Late-Titled-Tuesday-Blitz-February-13-2024"]
[Site "Chess.com"]
[Date "2024.02.13"]
[Round "2"]
[White "Chessdude1987"]
[Black "TanitoluwaAps116"]
[Result "0-1"]
[WhiteElo "2380"]
[BlackElo "2779"]
[TimeControl "180+1"]
[EndTime "14:15:46 PST"]
[Termination "TanitoluwaAps116 won by resignation"]

1. e4 c5 2. Nf3 e6 3. d4 cxd4 4. Nxd4 Nf6 5. Nc3 Nc6 6. g3 d5 7. exd5 exd5 8. Bg2 Bg4 9. Nxc6 bxc6 10. Qd3 Bc5 11. O-O O-O 12. h3 Be6 13. g4 Qd6 14. Bg5 Nd7 15. Kh1 Ne5 16. Qg3 f6 17. Bf4 g5 18.
Be3 Bxe3 19. fxe3 Rad8 20. Rad1 Nc4 21. Qxd6 Rxd6 22. Rfe1 Nxb2 23. Rb1 Nc4 24. Rb7 Rf7 25. Rb8+ Kg7 26. Na4 f5 27. gxf5 Bxf5 28. c3 Re6 29. e4 dxe4 30. Nc5 Re5 31. Nxe4 Rfe7 32. Rb4 Bxe4 33.
Bxe4 Rxe4 34. Rxe4 Rxe4 35. Kg2 Ne3+ 36. Kf3 Rxb4 37.
cxb4 Nc2 0-1

[Event "Late-Titled-Tuesday-Blitz-February-13-2024"]
[Site "Chess.com"]
[Date "2024.02.13"]
[Round "2"]
[White "korkmaz16"]
[Black "deepfear"]
[Result "1-0"]
[WhiteElo "2409"]
[BlackElo "1966"]
[TimeControl "180+1"]
[EndTime "14:15:46 PST"]
[Termination "korkmaz16 won on time"]

1. e4 c5 2. Nc3 g6 3. f4 Bg7 4. Nf3 Nc6 5. Bb5 Nd4 6. O-O Nxb5 7. Nxb5 a6 8. Nc3 b5 9. d3 Bb7 10. Qe1 e6 11. f5 Nh6 12. f6 Qxf6 13. Bg5 Qxg5 14.
Nxg5 Bd4+ 15. Kh1 b4 16. Na4 O-O 17. Qh4 Kg7 18. c3 bxc3 19. bxc3 Bf6 20. Rxf6 Kxf6 21. Nxh7+ Kg7 22. Nxf8 Rxf8 23. Nxc5 Bc6 24. Rf1 Rh8 25. Qf6+ Kg8 26. Nxd7 Bxd7 27. Qd8+ Kg7 28. Qxd7 Ng4 29. Qxf7+ Kh6 30. Qf4+ 1-0

[Event "Late-Titled-Tuesday-Blitz-February-13-2024"]
[Site "Chess.com"]
[Date "2024.02.13"]
[Round "2"]
[White "DonPreuss"]
[Black "Road2GM3000"]
[Result "0-1"]
[WhiteElo "2175"]
[BlackElo "2472"]
[TimeControl "180+1"]
[EndTime "14:15:48 PST"]
[Termination "Road2GM3000 won by resignation"]

1. d4 d6 2. e4 g6 3. Nc3 Bg7 4. f4 c5 5. Nf3 cxd4 6. Nxd4 Nc6 7. Nxc6 bxc6 8. Be3 Nf6 9. Bd3 O-O 10. O-O Bb7 11. Qe1 c5 12. f5 Rc8 13. Qh4 c4 14. Be2 Qa5 15. Rf3 h5 16. Rg3 Kh7 17. Qg5 Kh8 18. Qh4 Qe5 19. Bf3 d5 20. Rg5 Bh6 21. Bxh5 Bxg5 22.
Bxg5 Nxh5 23. g4 Qd4+ 24. Kf1 f6 25. fxg6 fxg5+ 0-1

[Event "Late-Titled-Tuesday-Blitz-February-13-2024"]
[Site "Chess.com"]
[Date "2024.02.13"]
[Round "2"]
[White "aa175"]
[Black "FairChess_on_YouTube"]
[Result "0-1"]
[WhiteElo "2682"]
[BlackElo "3085"]
[TimeControl "180+1"]
[EndTime "14:15:50 PST"]
[Termination "FairChess_on_YouTube won by resignation"]

1. d4 Nf6 2. Nf3 e6 3. Bf4 b6 4. e3 Bb7 5. Nbd2 Nh5 6. Bg5 Be7 7. h4 h6 8. Bxe7 Qxe7 9. Bd3 d6 10. c3 Nd7 11. Qe2 a6 12. O-O-O Nhf6 13. Rhg1 c5 14.
g4 Nd5 15. g5 hxg5 16. hxg5 cxd4 17. Nxd4 Nc5 18. Bc2 O-O-O 19. f4 Kb8 20. Qf2 Rh3 21. e4 Ne3 22. Rde1 Nxc2 23. Kxc2 Nd3 24. Qg2 Nxe1+ 25. Rxe1 Rdh8 26. g6 Rh2 27. Qf1 fxg6 28.
Qxa6 e5 29. fxe5 dxe5 30. Qxb6 exd4 31. cxd4 Rc8+ 0-1

[Event "Late-Titled-Tuesday-Blitz-February-13-2024"]
[Site "Chess.com"]
[Date "2024.02.13"]
[Round "2"]
[White "Alina_Gumerovna"]
[Black "TheoSlade"]
[Result "0-1"]
[WhiteElo "2063"]
[BlackElo "2428"]
[TimeControl "180+1"]
[EndTime "14:15:54 PST"]
[Termination "TheoSlade won on time"]

1. e4 e5 2. Nf3 Nc6 3. Bb5 g6 4. O-O Bg7 5. c3 a6 6. Ba4 b5 7. Bc2 d6 8. h3 Nf6 9. d4 O-O 10.
d5 Ne7 11. Be3 Bb7 12. Nbd2 c6 13. dxc6 Bxc6 14. a4 Qc7 15. a5 d5 16. Bb6 Qd6 17.
Nb3 Rfe8 18. Qd2 Nc8 19. Bc5 Qe6 20. Ng5 Qd7 21. Bb4 h6 22. Nc5 Qc7 23. Nf3 dxe4 24.
Ne1 Rd8 25. Qe3 Nd5 26. Qxe4 Nf4 27. Qe3 Nd6 28. Nf3 Nc4 29. Qc1 Ne2+ 0-1

[Event "Late-Titled-Tuesday-Blitz-February-13-2024"]
[Site "Chess.com"]
[Date "2024.02.13"]
[Round "2"]
[White "Grischuk"]
[Black "Mikhail_Golubev"]
[Result "1-0"]
[WhiteElo "3099"]
[BlackElo "2682"]
[TimeControl "180+1"]
[EndTime "14:15:55 PST"]
[Termination "Grischuk won on time"]

1. d4 Nf6 2. Bf4 d6 3. Nc3 Nbd7 4. Nf3 c5 5. d5 Qa5 6. Bd2 b5 7. a3 Qb6 8. e4 b4 9. axb4 cxb4 10. Na4 Qc7 11. Bd3 a5 12. c3 bxc3 13. Bxc3 g6 14. Rc1 Qb7 15. Nd4 Bg7 16. Nc6 Nc5 17. Nxc5 dxc5 18. Nxa5 Qc7 19. Bb5+ 1-0

[Event "Late-Titled-Tuesday-Blitz-February-13-2024"]
[Site "Chess.com"]
[Date "2024.02.13"]
[Round "2"]
[White "ChadBiryani"]
[Black "AlexPapasimakopoulos"]
[Result "0-1"]
[WhiteElo "2456"]
[BlackElo "2758"]
[TimeControl "180+1"]
[EndTime "14:15:55 PST"]
[Termination "AlexPapasimakopoulos won by resignation"]

1. c4 e6 2. g3 d5 3. cxd5 exd5 4. Bg2 c6 5. Nf3 Nf6 6. O-O Be7 7. b3 O-O 8. Bb2 a5 9. a3 Bg4 10. d3 Nbd7 11. Nbd2 Re8 12. e4 dxe4 13. dxe4 Nc5 14. Qc2 Qd3 15. Qxd3 Nxd3 16. Bc3 b5 17. Rad1 Red8 18.
a4 h6 19. h3 Be6 20. Nd4 Bd7 21. Ba1 Rac8 22. N2f3 Nc5 23. e5 Ne8 24. axb5 cxb5 25. Nd2 Nc7 26. Ne4 Nxe4 27. Bxe4 Ne6 28. Nxe6 Bxe6 29.
Rb1 Bxh3 30. Rfd1 Be6 31. Rxd8+ Rxd8 32. Bc3 a4 33. bxa4 bxa4 34. Ba5 Rc8 35. Bb4 Bxb4 36. Rxb4 a3 37. Ra4 a2 38. Kg2 g6 39. Ra7 Rc1 0-1

[Event "Late-Titled-Tuesday-Blitz-February-13-2024"]
[Site "Chess.com"]
[Date "2024.02.13"]
[Round "2"]
[White "fmcabralis"]
[Black "RantomOpening"]
[Result "0-1"]
[WhiteElo "2256"]
[BlackElo "2508"]
[TimeControl "180+1"]
[EndTime "14:15:55 PST"]
[Termination "RantomOpening won on time"]

1. e4 c5 2. Nf3 e6 3. d4 cxd4 4.
Nxd4 Nf6 5. Nc3 Nc6 6. a3 d6 7. Be3 Be7 8. g3 Nxd4 9. Qxd4 e5 10. Qa4+ Bd7 11. Qb3 Bc6 12. Bg2 O-O 13. O-O Qa5 14.
Rad1 Rfd8 15. h3 h6 16. f4 Rac8 17. Nd5 Nxd5 18. exd5 Bb5 19. Rf2 Bf6 20. Re1 Re8 21. c3 exf4 22. gxf4 Bh4 23. Qc2 Bxf2+ 24. Qxf2 Bc4 25.
b4 Qb5 26. Qg3 Bxd5 27. Rd1 Bxg2 28. Bd4 g6 29. Qxg2 Qc6 30. Qg3 Qe4 31. Qh4 Re5 0-1

[Event "Late-Titled-Tuesday-Blitz-February-13-2024"]
[Site "Chess.com"]
[Date "2024.02.13"]
[Round "2"]
[White "The_Straightforward_Rook"]
[Black "amiqu"]
[Result "1/2-1/2"]
[WhiteElo "2442"]
[BlackElo "2138"]
[TimeControl "180+1"]
[EndTime "14:16:01 PST"]
[Termination "Game drawn by repetition"]

1. Nf3 Nf6 2. d4 d5 3. e3 e6 4. Bd3 c5 5. c3 Nc6 6. O-O Bd6 7. Nbd2 Qc7 8. Qe2 O-O 9. e4 cxd4 10. cxd4 e5 11. dxe5 Nxe5 12. Nxe5 Bxe5 13. Nf3 Bg4 14. h3 Bxf3 15. Qxf3 dxe4 16. Bxe4 Nxe4 17. Qxe4 Rfe8 18. Qg4 Qc8 19. Qb4 a5 20. Qb5 a4 21. Rb1 Qc6 22.
Qxc6 bxc6 23. Be3 Rab8 24. b3 axb3 25. axb3 h6 26. Rfc1 Rec8 27. Rc4 Rb5 28. b4 Bd6 29. Rbc1 Rxb4 30. Rxc6 Rxc6 31. Rxc6 Rb1+ 32. Rc1 Rxc1+ 33.
Bxc1 Bc5 34. Kf1 g6 35. Ke2 h5 36. f3 Kg7 37. Kd3 Be7 38. Ke4 Bf6 39. Be3 Ba1 40.
g4 hxg4 41. hxg4 f5+ 42. gxf5 gxf5+ 43. Kxf5 Kf7 44. Bf4 Bf6 45. Be5 Bd8 46. f4 Bh4 47. Ke4 Bg3 48. f5 Bxe5 49. Kxe5 Ke7 50. f6+ Kf7 51. Kf5 Kf8 52. Ke6 Ke8 53. Ke5 Kf7 54. Kf5 Kf8 55. Kg5 Kf7 56. Kf5 1/2-1/2

[Event "Late-Titled-Tuesday-Blitz-February-13-2024"]
[Site "Chess.com"]
[Date "2024.02.13"]
[Round "2"]
[White "WPWPWP-2015"]
[Black "DmitryMaximov"]
[Result "0-1"]
[WhiteElo "2437"]
[BlackElo "2738"]
[TimeControl "180+1"]
[EndTime "14:16:03 PST"]
[Termination "DmitryMaximov won by resignation"]

1. e4 c5 2. Nf3 d6 3. Bb5+ Nd7 4.
O-O Nf6 5. Re1 a6 6. Bd3 b6 7. c3 Bb7 8. Bc2 e5 9. d4 Be7 10. h3 O-O 11. Nbd2 Re8 12. Nf1 Bf8 13. Ng3 g6 14. d5 b5 15. Be3 Bg7 16. Qd2 Qe7 17. Bg5 Qf8 18. a4 c4 19. b4 cxb3 20. Bxb3 Nc5 21.
Bc2 h6 22. Be3 Rec8 23. axb5 axb5 24. Reb1 Rxa1 25. Rxa1 Nfd7 26. Ra5 Ba6 27. Qd1 Qd8 28. Qa1 Qb6 29. Nd2 b4 30. c4 Qb7 31. Ne2 b3 32. Nxb3 Bxc4 33. Nxc5 Nxc5 34. Nc3 Nb3 35. Qb2 Nxa5 36. Qa3 Qa6 37. Kh2 Bf8 38. Na4 Bb5 39. Bd1 Nc4 40. Qb4 Nxe3 0-1

[Event "Late-Titled-Tuesday-Blitz-February-13-2024"]
[Site "Chess.com"]
[Date "2024.02.13"]
[Round "2"]
[White "DeTimmerman"]
[Black "Chessraf-com"]
[Result "1-0"]
[WhiteElo "2720"]
[BlackElo "2351"]
[TimeControl "180+1"]
[EndTime "14:16:06 PST"]
[Termination "DeTimmerman won by resignation"]

1. b4 e5 2. Bb2 Bxb4 3. Bxe5 Nf6 4. Nc3 O-O 5. Bxf6 Qxf6 6. Nd5 Qd6 7. c4 Nc6 8. Nf3 Ba5 9. e3 Ne7 10. Nxe7+ Qxe7 11. Be2 d6 12. O-O Bf5 13. d4 c6 14. Bd3 Be4 15. Rb1 Rab8 16. h3 d5 17. Bxe4 dxe4 18. Nd2 Bc7 19. c5 f5 20. f3 exf3 21. Rxf3 Rbe8 22.
Qb3+ Kh8 23. Qxb7 Rb8 24. Qxc6 Rxb1+ 25. Nxb1 Rb8 26. Nc3 Qf7 27. Qd5 Rb1+ 28. Rf1 Rxf1+ 29. Kxf1 Qe7 30. Qa8+ Bd8 31. Nd5 Qd7 32. Nf4 g5 33. c6 Qe8 34. Ne6 Qxe6 35. Qxd8+ Kg7 36. Qd7+ Kf6 37.
Qxe6+ Kxe6 38. d5+ Kd6 39. g4 1-0

[Event "Late-Titled-Tuesday-Blitz-February-13-2024"]
[Site "Chess.com"]
[Date "2024.02.13"]
[Round "2"]
[White "larsmandreassen"]
[Black "Slovak_fighter2000"]
[Result "0-1"]
[WhiteElo "2232"]
[BlackElo "2502"]
[TimeControl "180+1"]
[EndTime "14:16:10 PST"]
[Termination "Slovak_fighter2000 won by resignation"]

1. d4 Nf6 2. Nf3 e6 3. Bg5 c5 4. e3 b6 5. c3 Bb7 6. Bd3 Be7 7. Nbd2 O-O 8. O-O cxd4 9. exd4 Nd5 10. Bxe7 Qxe7 11. Re1 Nc6 12. g3 Rac8 13. Qe2 f5 14. c4 Ndb4 15. Bb1 Qf6 16. a3 Na6 17. d5 exd5 18.
cxd5 Nd4 19. Nxd4 Qxd4 20. Nf3 Qg4 21. Ba2 Nc5 22. Ne5 Qh3 23. b4 Ne4 24. Nxd7 Rfd8 25.
Ne5 Nc3 26. Qd2 Nxa2 27. Qxa2 Bxd5 0-1

[Event "Late-Titled-Tuesday-Blitz-February-13-2024"]
[Site "Chess.com"]
[Date "2024.02.13"]
[Round "2"]
[White "pfalcon1949"]
[Black "Kostya26"]
[Result "0-1"]
[WhiteElo "1949"]
[BlackElo "2408"]
[TimeControl "180+1"]
[EndTime "14:16:11 PST"]
[Termination "Kostya26 won by resignation"]

1. e4 c5 2. Nf3 Nc6 3. d4 cxd4 4. Nxd4 e5 5. Nb5 d6 6. N1c3 a6 7. Na3 b5 8. Nd5 Nce7 9. c4 Nxd5 10. cxd5 f5 11. exf5 Bxf5 12. Bd3 Qd7 13. O-O Nf6 14. Nc2 Be7 15. Ne3 Bxd3 16. Qxd3 O-O 17. f3 Nh5 18. Ng4 Rac8 19. Be3 Bh4 20. Rfc1 Be7 21. Rxc8 Rxc8 22. Rc1 Rxc1+ 23. Bxc1 Qc8 24. Be3 Bd8 25. Qd2 Qc4 26. b3 Qc8 27. Nf2 Nf6 28. Ne4 Qf5 29. Nxf6+ gxf6 30. h3 Qb1+ 31. Kh2 f5 32. f4 Qe4 33. fxe5 dxe5 34.
d6 f4 35. Bc5 Kf7 36. b4 Ke6 37. Qd1 Qg6 38. Qb3+ Kd7 39. Qd5 Qg3+ 40. Kg1 Qe1+ 41. Kh2 Qg3+ 42. Kg1 Qe1+ 43. Kh2 Bh4 44. Qf7+ Kc6 45.
Qc7+ Kd5 46. Qb7+ Kc4 47. Qf3 Bg3+ 0-1

[Event "Late-Titled-Tuesday-Blitz-February-13-2024"]
[Site "Chess.com"]
[Date "2024.02.13"]
[Round "2"]
[White "VladimirKramnik"]
[Black "LLRChess"]
[Result "1-0"]
[WhiteElo "2936"]
[BlackElo "2588"]
[TimeControl "180+1"]
[EndTime "14:16:13 PST"]
[Termination "VladimirKramnik won by checkmate"]

1. e4 c5 2. Nf3 d6 3. d4 cxd4 4. Nxd4 Nf6 5. Nc3 Nc6 6. Bc4 e6 7.
Be3 a6 8. Qe2 Bd7 9. Bb3 b5 10.
O-O-O Na5 11. a3 Nxb3+ 12. Nxb3 Rc8 13. Bd2 Qb6 14. Rhe1 Be7 15. g4 h6 16. f4 a5 17.
e5 dxe5 18. fxe5 Nh7 19. Be3 Qc7 20. Nxb5 Bxb5 21. Qxb5+ Kf8 22. Re2 a4 23. Nc5 Ng5 24. Rd7 Qxe5 25. Qb7 Re8 26. Rxe7 Rxe7 27. Qc8+ Re8 28.
Nd7+ Ke7 29. Bc5+ Qxc5 30. Qxc5+ Kxd7 31. Rd2# 1-0

[Event "Late-Titled-Tuesday-Blitz-February-13-2024"]
[Site "Chess.com"]
[Date "2024.02.13"]
[Round "2"]
[White "SchmakAttack"]
[Black "guillembaches"]
[Result "1-0"]
[WhiteElo "2784"]
[BlackElo "2531"]
[TimeControl "180+1"]
[EndTime "14:16:14 PST"]
[Termination "SchmakAttack won by checkmate"]

1. e4 c5 2. Nf3 d6 3. Bb5+ Bd7 4. Bxd7+ Qxd7 5. c4 e5 6. Nc3 Nc6 7. O-O Be7 8. d3 Bd8 9. a3 a5 10. Ne1 Nge7 11. Nc2 O-O 12. Rb1 f5 13. exf5 Nxf5 14.
Nd5 Nce7 15. Nce3 Nxe3 16. Nxe3 b5 17. b4 cxb4 18. axb4 a4 19. d4 bxc4 20. dxe5 d5 21. Nxc4 Qf5 22. Na3 Bb6 23. Rb2 Qxe5 24. Re2 Qd6 25.
Nc4 Qf6 26. Nxb6 Qxb6 27. Rxe7 a3 28. Qxd5+ Kh8 29. Qe5 Rg8 30. Be3 Qxb4 31. Bd4 Ra5 32. Qxg7+ Rxg7 33. Re8+ Qf8 34. Rxf8# 1-0

[Event "Late-Titled-Tuesday-Blitz-February-13-2024"]
[Site "Chess.com"]
[Date "2024.02.13"]
[Round "2"]
[White "nj123456"]
[Black "FMJoseHerrera"]
[Result "1-0"]
[WhiteElo "2353"]
[BlackElo "2700"]
[TimeControl "180+1"]
[EndTime "14:16:15 PST"]
[Termination "nj123456 won on time"]

1. e4 c5 2. c3 Nf6 3. e5 Nd5 4. d4 cxd4 5. Nf3 e6 6. cxd4 d6 7. Bc4 Nb6 8. Bb3 Nc6 9. Qe2 dxe5 10. dxe5 Bb4+ 11. Nc3 Nd4 12. Nxd4 Qxd4 13. O-O O-O 14. Rd1 Qh4 15. Ne4 h6 16. Rd4 Qe7 17. Bxh6 Nd5 18. Bxg7 Kxg7 19. Qg4+ Kh7 20. Qh5+ Kg7 21. Nf6 Nxf6 22. Qg5+ Kh8 23. exf6 1-0

[Event "Late-Titled-Tuesday-Blitz-February-13-2024"]
[Site "Chess.com"]
[Date "2024.02.13"]
[Round "2"]
[White "katharinareinecke"]
[Black "sari07"]
[Result "0-1"]
[WhiteElo "1956"]
[BlackElo "2407"]
[TimeControl "180+1"]
[EndTime "14:16:16 PST"]
[Termination "sari07 won by checkmate"]

1. e4 e5 2. Nc3 Nc6 3. Bc4 Bc5 4. d3 d6 5. Be3 Bb6 6. Nge2 Nf6 7. O-O Be6 8. Bxe6 fxe6 9. Bxb6 axb6 10. f4 O-O 11. Qd2 Qe8 12. h3 Qh5 13. Ng3 Qh4 14. Nge2 Nh5 15.
f5 exf5 16. exf5 Nd4 17. Nxd4 Qxd4+ 18. Kh2 d5 19. Rae1 e4 20. a3 Rae8 21. dxe4 Qxd2 22. Rd1 Qg5 23. exd5 Qg3+ 24. Kh1 Nf4 25. d6 Qxg2# 0-1

[Event "Late-Titled-Tuesday-Blitz-February-13-2024"]
[Site "Chess.com"]
[Date "2024.02.13"]
[Round "2"]
[White "norwaytoadog"]
[Black "JG-17"]
[Result "0-1"]
[WhiteElo "2204"]
[BlackElo "2484"]
[TimeControl "180+1"]
[EndTime "14:16:17 PST"]
[Termination "JG-17 won on time"]

1. e4 c5 2. Nf3 d6 3. Bb5+ Bd7 4. Bxd7+ Qxd7 5. O-O Nf6 6. Qe2 Nc6 7. c3 e5 8. Rd1 Be7 9. d4 cxd4 10. cxd4 exd4 11. Nxd4 O-O 12. Nc3 Rfe8 13. Bg5 Rad8 14. Nf5 Qe6 15. Qf3 Ne5 16. Qh3 h6 17. Bxh6 gxh6 18. Qxh6 Bf8 19.
Qg5+ Ng6 20. Rd3 Nh7 21. Qh5 Nf6 22. Qg5 Nxe4 23. Nxe4 Qxe4 24. Re3 Qf4 25. Qh5 Rxe3 26. fxe3 Qe5 27. Rf1 Qh8 28. Qg5 Re8 29. g3 Re5 30. h4 Kh7 31. Qh5+ Kg8 32. Qg5 Kh7 33. h5 Ne7 34. g4 Nxf5 35. Rxf5 Qg7 36. Rxe5 Qxe5 37. Qd8 Qxe3+ 38. Kg2 Qe4+ 39. Kg3 Qe3+ 40. Kg2 Be7 41. Qe8 Qe2+ 0-1

[Event "Late-Titled-Tuesday-Blitz-February-13-2024"]
[Site "Chess.com"]
[Date "2024.02.13"]
[Round "2"]
[White "Shankland"]
[Black "RandomNoob04"]
[Result "1-0"]
[WhiteElo "2950"]
[BlackElo "2597"]
[TimeControl "180+1"]
[EndTime "14:16:21 PST"]
[Termination "Shankland won by resignation"]

1. e4 e5 2. Nf3 Nf6 3. d4 Nxe4 4. Bd3 d5 5. Nxe5 Nd7 6. Nxd7 Bxd7 7. O-O Bd6 8. c4 c6 9. Nc3 O-O 10. cxd5 Nxc3 11. bxc3 cxd5 12. Qh5 f5 13. Re1 Qc7 14. Bd2 Rae8 15. Rxe8 Bxe8 16. Qf3 Qf7 17. Re1 Bd7 18. Bf4 Bxf4 19. Qxf4 Re8 20. Re5 Rxe5 21. Qxe5 a6 22. Qb8+ Qe8 23. Qxe8+ Bxe8 24. Bxf5 Kf7 25.
f4 g6 26. Bc8 Bc6 27. g4 Ke7 28. g5 Kd8 29. Be6 Ke7 30. Bg4 b5 31. Kf2 a5 32. a3 Kf7 33. h4 Kg7 34. Ke3 h5 35.
Be2 Kf7 36. Bd3 Bd7 37. f5 Bxf5 38. Bxf5 gxf5 39. Kf4 Ke6 40. g6 Kf6 41. g7 Kxg7 42. Kxf5 Kf7 43. Ke5 Kg6 44. Ke6 a4 45. Ke5 b4 46. cxb4 1-0

[Event "Late-Titled-Tuesday-Blitz-February-13-2024"]
[Site "Chess.com"]
[Date "2024.02.13"]
[Round "2"]
[White "C_K_G"]
[Black "Artemiki"]
[Result "1-0"]
[WhiteElo "2143"]
[BlackElo "2433"]
[TimeControl "180+1"]
[EndTime "14:16:22 PST"]
[Termination "C_K_G won on time"]

1. e4 c5 2. Nf3 e6 3. d4 cxd4 4. Nxd4 Nc6 5. Be2 Qc7 6. Nc3 a6 7. O-O Nf6 8. Be3 Be7 9. f4 d6 10. Bf3 Nxd4 11. Bxd4 O-O 12. g4 e5 13. Be3 d5 14. fxe5 Nxe4 15. Nxd5 Qxe5 16. Bf4 Bc5+ 17.
Kg2 Qxb2 18. Bxe4 Be6 19. Nc7 Rad8 20. Qe2 Qc3 21. Nxe6 fxe6 22. Rad1 e5 23. Bg3 1-0